 Dungeon Sprint DCSS version 0.20.1-1-g8b1a95d (webtiles) character file.

612 OdinFK the Carver (level 7, -1/74 HPs)
             Began as a Minotaur Berserker on Oct 22, 2017.
             Was a Priest of Trog.
             Slain by Sonja
             ... wielding a +0 dagger of venom
              (2 damage)
             ... in the Dungeon (Sprint I: "Red Sonja").
             The game lasted 00:01:56 (554 turns).

OdinFK the Carver (Minotaur Berserker)               Turns: 554, Time: 00:01:56

Health: -1/74      AC:  6    Str: 24    XL:     7   Next: 20%
Magic:  6/6        EV: 14    Int:  4    God:    Trog [***...]
Gold:   307        SH:  0    Dex:  9    Spells: 6/6 levels left

rFire    . . .     SeeInvis .   a - +0 falchion
rCold    . . .     Gourm    .   (no shield)
rNeg     . . .     Faith    .   k - +0 ring mail
rPois    .         Spirit   .   (helmet restricted)
rElec    .         Reflect  .   (no cloak)
rCorr    .         Harm     .   (no gloves)
MR       .....     NoTele   +   (no boots)
Stlth    ..........             (no amulet)
Regen    0.3/turn               (no ring)
MPRegen  0.1/turn               (no ring)

@: lethally poisoned (-1 -> -93), berserk cooldown, slowed, very slow
A: retaliatory headbutt, horns 2
a: Berserk, Trog's Hand, Burn Spellbooks, Renounce Religion


You were in the Dungeon.
You worshipped Trog.
Trog was most pleased with you.
You were not hungry.

You visited 1 branch You collected 307 gold pieces.

Inventory:

Hand Weapons
 a - a +0 falchion (weapon)
Armour
 b - a +0 animal skin
 k - a +0 ring mail (worn)
Wands
 j - a wand of polymorph (11/24)
Scrolls
 i - a scroll of blinking
Potions
 d - a potion of curing
 e - a potion of heal wounds
 f - a potion of haste
 g - 2 potions of magic
 h - a potion of berserk rage
Comestibles
 c - a bread ration


   Skills:
 + Level 11.4 Fighting
 + Level 12.2 Long Blades
 + Level 6.7 Armour
 + Level 6.6 Dodging


You had 6 spell levels left.
You didn't know any spells.

Dungeon Overview and Level Annotations

Branches:
Dungeon (1/1)

Altars:
Cheibriados
Dithmenos
Elyvilon
Fedhas
Gozag
Hepliaklqana
Kikubaaqudgha
Makhleb
Nemelex Xobeh
Okawaru
Qazlal
Ru
Sif Muna
Trog
Uskayaw
Vehumet
Xom
Yredelemnul
Zin
The Shining One
Jiyva
Lugonu

Shops:
D %

Annotations:
D Sonja


Innate Abilities, Weirdness & Mutations

You reflexively headbutt those who attack you in melee.
You have a pair of horns on your head.


Message History

Sonja completely misses you. x2
There is an open door here.
You closely miss Sonja. Your headbutt misses Sonja.
* * * LOW HITPOINT WARNING * * *
You feel very sick.
Sonja hits you with an uncursed dagger of venom.
* * * LOW HITPOINT WARNING * * *
You are more poisoned.
Sonja hits you but does no damage. Sonja completely misses you.
Unknown command.
You completely miss Sonja.
* * * LOW HITPOINT WARNING * * *
You feel extremely sick. Sonja completely misses you.
You riposte.
You miss Sonja. Sonja hits you but does no damage.
You are more poisoned.
Sonja hits you but does no damage. x2
You are more poisoned.
Sonja hits you with an uncursed dagger of venom.
You die...

#<.#..)..#..'..#__#
#..').#..').#..'..+
#..#####'#####'#__# #
#..####..#...#)####§[#
#..#__####.(##[#§≈§§
#..#_____##'#§.§§≈§§§
#⌠⌠#_.∩...'..§§#§§≈§c
####_..__##_K#'##+##
#_____###@#.#
#########(### +$.$+
#$.$# ##.## #+#


You could see Sonja.

Vanquished Creatures
  A slime creature (D)
  Sigmund (D)
  A yak (D)
  An ogre (D)
  A jelly (D)
  Ijyb (D)
6 creatures vanquished.

Vanquished Creatures (others)
  A gargoyle (D)
1 creature vanquished.

Grand Total: 7 creatures vanquished

Notes
Turn   | Place    | Note
-------+----------+-------------------------------------------
     0 | D        | OdinFK the Minotaur Berserker began the quest for the Orb.
     0 | D        | Reached XP level 1. HP: 19/19 MP: 0/0
     1 | D        | Noticed Ijyb
    18 | D        | Killed Ijyb
    18 | D        | Reached skill level 5 in Fighting
    18 | D        | Reached skill level 5 in Long Blades
    18 | D        | Reached XP level 2. HP: 12/29 MP: 1/1
   201 | D        | Noticed an ogre
   205 | D        | Killed an ogre
   205 | D        | Reached skill level 7 in Long Blades
   205 | D        | Reached XP level 3. HP: 39/39 MP: 2/2
   205 | D        | Reached XP level 4. HP: 47/47 MP: 3/3
   216 | D        | Noticed Sigmund
   233 | D        | Killed Sigmund
   233 | D        | Reached ** piety under Trog
   233 | D        | Reached skill level 10 in Long Blades
   233 | D        | Reached skill level 5 in Armour
   233 | D        | Reached skill level 5 in Dodging
   233 | D        | Reached XP level 5. HP: 43/57 MP: 4/4
   246 | D        | Found a deep blue altar of Sif Muna.
   248 | D        | Found a radiant altar of Vehumet.
   250 | D        | Reached XP level 6. HP: 49/66 MP: 5/5
   284 | D        | Found a viscous altar of Jiyva.
   284 | D        | Found a corrupted altar of Lugonu.
   284 | D        | Noticed a slime creature
   285 | D        | Found a burning altar of Makhleb.
   285 | D        | Found a shimmering altar of Xom.
   292 | D        | Killed a slime creature
   292 | D        | Reached skill level 10 in Fighting
   292 | D        | Reached skill level 11 in Long Blades
   298 | D        | Noticed a centaur warrior
   359 | D        | Killed a gargoyle
   458 | D        | Found Soadakhe's Food Emporium.
   458 | D        | Found an ancient bone altar of Kikubaaqudgha.
   458 | D        | Found a hazy altar of Hepliaklqana.
   458 | D        | Found a stormy altar of Qazlal.
   458 | D        | Found a hide-covered altar of Uskayaw.
   458 | D        | Found a blossoming altar of Fedhas.
   458 | D        | Found a bloodstained altar of Trog.
   458 | D        | Found an iron altar of Okawaru.
   458 | D        | Found a basalt altar of Yredelemnul.
   458 | D        | Found a glowing golden altar of the Shining One.
   458 | D        | Found a snail-covered altar of Cheibriados.
   458 | D        | Found a sacrificial altar of Ru.
   458 | D        | Found a glowing silver altar of Zin.
   458 | D        | Found a shadowy altar of Dithmenos.
   458 | D        | Found a white marble altar of Elyvilon.
   458 | D        | Noticed a yak
   473 | D        | Killed a yak
   473 | D        | Reached *** piety under Trog
   473 | D        | Reached skill level 12 in Long Blades
   473 | D        | Reached XP level 7. HP: 59/74 MP: 6/6
   474 | D        | Found an opulent altar of Gozag.
   475 | D        | Found a sparkling altar of Nemelex Xobeh.
   542 | D        | Noticed Sonja
   554 | D        | HP: 1/74 [poisoned by Sonja]
   554 | D        | Slain by Sonja

Skill      XL: |  1  2  3  4  5  6 |
---------------+-------------------+-----
Fighting       | 5 7 9 11 | 11.4
Long Blades    | 5 7 10 12 | 12.2
Armour         | 3 4 5 6 |  6.7
Dodging        | 3 4 5 6 |  6.6

Action                   |  1- 3 |  4- 6 |  7- 9 || total
-------------------------+-------+-------+-------++-------
Melee: Falchion          |    19 |    28 |     6 ||    53
       Headbutt          |     4 |     8 |       ||    12
Invok: Berserk           |       |       |     1 ||     1
Armor: Animal skin       |     3 |       |       ||     3
       Ring mail         |       |     3 |     7 ||    10
Dodge: Dodged            |     6 |    14 |    11 ||    31
       Rpst.: Falchion   |     2 |     5 |     1 ||     8
